 Dungeon Crawl Stone Soup version bcrawl-1.27.6 (webtiles) character file.

Game seed: 990924372881033102

292950 LostNumber the Basher (level 10, 0/88 HPs)
             Began as a Green Draconian Archaeologist on Sept 27, 2020.
             Was a Follower of Sif Muna.
             Succumbed to a cane toad's poison
             ... on level 2 of the Lair of Beasts.
             The game lasted 00:17:45 (8395 turns).

LostNumber the Basher (DrAc)                        Turns: 8395, Time: 00:17:45

Health: 0/88       AC: 12    Str: 14    XL:     10   Next: 22%
Magic:  16/16      EV: 15    Int: 18    God:    Sif Muna [*.....]
Gold:   756        SH:  0    Dex:  9    Spells: 14/17 levels left

rFire    + + +     SeeInvis .   S - +8 war axe of One Wiffaxy {pain, *Slow +Inv rF++}
rCold    x . .     Gourm    .   (no shield)
rNeg     + . .     Faith    .   (armour unavailable)
rPois    +         Spirit   .   b - +1 hat
rElec    +         Reflect  .   (no cloak)
rCorr    .         Harm     .   F - +0 pair of gloves
MR       ++...                  T - +2 pair of boots of Nihibrag {rElec rPois MR+ Dex-3}
Stlth    ..........             f - amulet of Zin's Reproof {Regen rPois rN+ Dex+3}
HPRegen  0.72/turn              k - ring "Wuthea" {MR+ Stlth--}
MPRegen  0.15/turn              O - ring of fire (curse)

@: lethally poisoned (0 -> -16), short of breath
A: breathe noxious fumes, unfitting armour, poison resistance, cold-blooded, AC
+7
a: Breathe Noxious Fumes, Divine Energy, Renounce Religion, Evoke Invisibility


You were on level 2 of the Lair of Beasts.
You worshipped Sif Muna.
Sif Muna was aware of your devotion.
You were hungry.

You visited 2 branches of the dungeon, and saw 10 of its levels.
You also visited: Sewer.

You collected 756 gold pieces.

Inventory:

Hand Weapons
 a - a +0 whip
 s - a -1 club
   (You found it on level 3 of the Dungeon)
 w - a +0 morningstar
   (You took it off an orc on level 4 of the Dungeon)
 G - the +1 trident of Eternal War {drain, MR+ Dex+3 Stlth+}
   (You found it on level 6 of the Dungeon)

   A truly terrible weapon, it drains the life of those it strikes.
   It affects your dexterity (+3).
   It affects your resistance to hostile enchantments.
   It makes you more stealthy.
 N - the +5 trident "Goblin's Nightmare" {pierce, Stlth+}
   (You found it on level 7 of the Dungeon)

   It will always inflict at least some extra damage.
   This minimum extra damage increases with your current reserve of magical
   power.
   It makes you more stealthy.
 S - the +8 war axe of One Wiffaxy (weapon) {pain, *Slow +Inv rF++}
   (You found it on level 8 of the Dungeon)

   In the hands of one skilled in necromantic magic, it inflicts extra damage on
   living creatures.
   It greatly protects you from fire.
   It lets you turn invisible.
   It may slow you when you take damage.
Armour
 b - a +1 hat (worn)
 c - a +2 pair of boots
 F - a +0 pair of gloves (worn)
   (You found it on level 6 of the Dungeon)
 I - a +2 pair of boots
   (You found it on level 4 of the Dungeon)
 R - a +1 cloak
   (You found it on level 1 of the Lair of Beasts)
 T - the +2 pair of boots of Nihibrag (worn) {rElec rPois MR+ Dex-3}
   (You found it on level 8 of the Dungeon)

   It affects your dexterity (-3).
   It insulates you from electricity.
   It protects you from poison.
   It affects your resistance to hostile enchantments.
Jewellery
 f - the amulet of Zin's Reproof (around neck) {Regen rPois rN+ Dex+3}
   (You acquired it in a sewer)

   [amulet of regeneration]

   It affects your dexterity (+3).
   It protects you from poison.
   It protects you from negative energy.
 k - the ring "Wuthea" (left hand) {MR+ Stlth--}
   (You found it on level 1 of the Dungeon)

   [ring of attention]

   It affects your resistance to hostile enchantments.
   It makes you much less stealthy.
 l - the ring "Catafafiu" {*Slow +Fly rElec Int+3}
   (You found it on level 1 of the Dungeon)

   [ring of flight]

   It affects your intelligence (+3).
   It insulates you from electricity.
   It lets you fly.
   It may slow you when you take damage.
 B - an uncursed ring of flight
   (You found it on level 6 of the Dungeon)
 O - a cursed ring of fire (right hand)
   (You found it on level 7 of the Dungeon)
Wands
 t - a wand of flame (11)
   (You took it off a hobgoblin on level 8 of the Dungeon)
 u - a wand of paralysis (5)
   (You found it on level 1 of the Lair of Beasts)
 D - a wand of random effects (11)
   (You found it on level 6 of the Dungeon)
 E - a wand of scattershot (12)
   (You found it on level 4 of the Dungeon)
 J - a wand of enslavement (4)
   (You found it on level 7 of the Dungeon)
 U - a wand of polymorph (16)
   (You found it on level 1 of the Lair of Beasts)
Scrolls
 d - a scroll of fear {unknown}
 h - 5 scrolls of teleportation {@r4}
 m - 3 scrolls of enchant armour
 o - 11 scrolls of identify {@r1}
 p - 4 scrolls of remove curse {@r2}
 r - a scroll of fog
 v - a scroll of immolation {unknown}
 x - 2 scrolls of amnesia {unknown}
 y - a scroll of noise {unknown}
 C - 3 scrolls of magic mapping
 K - a scroll of blinking
 L - a scroll of vulnerability {unknown}
 P - a scroll of enchant weapon {unknown}
Potions
 g - 3 potions of mutation {!q}
 i - 3 potions of flight {unknown}
 j - 3 potions of heal wounds {@q2}
 n - 3 potions of agility {unknown}
 q - a potion of haste {unknown}
 z - 3 potions of lignification {unknown}
 A - 2 potions of curing {unknown}
 H - a potion of magic {unknown}
 M - a potion of might {unknown}
 Q - a potion of degeneration {unknown}
 W - 4 potions of brilliance {unknown}
 X - a potion of resistance {unknown}
Miscellaneous
 V - a fan of gales (2/2)
   (You found it on level 1 of the Lair of Beasts)
Comestibles
 e - 19 rations {!d!d}
 Y - 2 chunks of flesh


   Skills:
 + Level 7.9 Fighting
 * Level 3.4(6.7) Axes
 - Level 9.1(9.4) Maces & Flails
 + Level 7.2 Dodging
 - Level 3.0 Stealth
 - Level 4.0 Spellcasting
 + Level 1.2 Conjurations
 + Level 1.2 Fire Magic


You had 14 spell levels left.
You knew the following spells:

 Your Spells              Type           Power        Failure   Level  Hunger
d - Conjure Flame         Conj/Fire      ##......     26%         3    ###....

Your spell library contained the following spells:

 Spells                   Type           Power        Failure   Level  Hunger
 Shock                    Conj/Air       #....        12%         1    None
 Stone Arrow              Conj/Erth      #.....       34%         3    ###....
 Iskenderun's Battlesphe  Conj/Chrm      #.......     97%         5    ######.
 Summon Forest            Summ/Tloc      #.........   99%         5    ######.


Dungeon Overview and Level Annotations

Branches:
Dungeon (8/12)             Temple (0/1) D:7            Lair (2/6) D:8
  Swamp: Lair:2-4    Shoals: Lair:2-4     Snake: Lair:2-4    Spider: Lair:2-4
    Orc: D:8-11

Altars:
Gozag
Kikubaaqudgha
Sif Muna
Trog
Vehumet
Xom
Zin
The Shining One

Annotations:
D:5 1 runed translucent door, pheathergobbo575's ghost, novice DsFi


Innate Abilities, Weirdness & Mutations

You can breathe blasts of noxious fumes.
Your lurid green scales are hard. (AC +7)
You cannot fit into any form of body armour.
Your system is resistant to poisons. (rPois)
You are cold-blooded and may be slowed by cold attacks.


Message History

The water moccasin bites you but does no damage.
The cane toad hits you!!
Aim: a water moccasin You exhale a blast of noxious fumes.
The blast of choking fumes hits the water moccasin.
The water moccasin completely resists.
The blast of choking fumes hits the plant but does no damage.
You feel somewhat more hungry.
The water moccasin bites you but does no damage.
The water moccasin barely misses you.
You slash the water moccasin! The water moccasin closely misses you.
The cane toad closely misses you.
You closely miss the water moccasin.
You tail-slap the water moccasin, but do no damage.
You barely miss the cane toad.
The water moccasin bites you but does no damage.
The cane toad hits you!
* * * LOW HITPOINT WARNING * * *
The water moccasin closely misses you.
You hit the cane toad. You hit the water moccasin.
The water moccasin closely misses you. The cane toad misses you.
The water moccasin bites you.
* * * LOW HITPOINT WARNING * * *
The cane toad barely misses you.
You hit the cane toad. You barely miss the water moccasin.
The water moccasin bites you but does no damage.
The cane toad hits you but does no damage.
Unknown command.
You hit the cane toad. You miss the water moccasin.
The water moccasin closely misses you. The cane toad hits you.
* * * LOW HITPOINT WARNING * * *
You are poisoned.
The cane toad poisons you! The water moccasin closely misses you.
You closely miss the cane toad. You barely miss the water moccasin.
You feel sick. The cane toad hits you.
* * * LOW HITPOINT WARNING * * *
The water moccasin bites you.
* * * LOW HITPOINT WARNING * * *
The cane toad hits you!!
* * * LOW HITPOINT WARNING * * *
You are lethally poisoned!
The cane toad poisons you! The water moccasin misses you.
You barely miss the cane toad. You barely miss the water moccasin.
* * * LOW HITPOINT WARNING * * *
You feel very sick. The water moccasin closely misses you.
The cane toad closely misses you.
You slash the cane toad!
You tail-slap the cane toad, but do no damage.
You closely miss the water moccasin.
You die...

###......## .#
####....# P..## #....#
###....##########..[P#
#.#...#.#..PP...#....#
....................##
....... ............#
....... .......SF...#
..#.#P# #.###P##@...##
..###############...P#
....#.##P##.#.#.....##
................<...P#
.....................#
.....................#
.#....##..#.P.P#....##
##....#.#####.......#
....................#


You could see a cane toad and a water moccasin.

Vanquished Creatures
  Joseph (D:7)
  A cane toad (Lair:1)
  A rime drake (Lair:2)
  A hippogriff (D:6)
  A shadow (D:7)
  A wyvern (D:5)
  A hungry ghost (D:6)
  3 water moccasins
  2 porcupines (Lair:1)
  Duvessa (D:7)
  An ice beast (D:6)
  Purgy (D:4)
  A phantom (D:5)
  3 ogres
  A centaur (D:6)
  7 big kobolds (Sewer)
  5 bullfrogs
  Dowan (D:7)
  A water moccasin zombie (D:7)
  A scorpion (D:4)
  2 howler monkeys
  5 crimson imps
  A bullfrog zombie (D:5)
  A centaur zombie (D:5)
  A quasit (D:6)
  2 orc priests
  2 jellies
  A bullfrog skeleton (D:5)
  2 orc wizards
  4 iguanas
  4 worker ants
  A killer bee zombie (D:6)
  12 adders
  A shadow imp (D:7)
  5 oozes
  9 worms
  3 dart slugs
  2 leopard geckos (D:1)
  24 orcs
  4 giant cockroaches
  5 goblins
  11 hobgoblins
  6 jackals
  9 kobolds
  6 quokkas
  4 ball pythons (Sewer)
  4 bats
  4 frilled lizards
  A jackal skeleton (D:6)
  9 rats
180 creatures vanquished.

Vanquished Creatures (others)
  A withered plant (D:5)
1 creature vanquished.

Grand Total: 181 creatures vanquished

Notes
Turn   | Place    | Note
-------+----------+-------------------------------------------
     0 | D:1      | LostNumber the Draconian Archaeologist began the quest for
                  | the Orb.
     0 | D:1      | Reached XP level 1. HP: 16/16 MP: 1/1
   382 | D:1      | Reached XP level 2. HP: 23/23 MP: 2/2
   524 | D:1      | Got an ancient platinum ring
   548 | D:1      | Identified the cursed ring "Wuthea" {MR+ Stlth--} (You
                  | found it on level 1 of the Dungeon)
   717 | D:1      | Got a fine bone ring
   718 | D:1      | Identified the ring "Catafafiu" {*Slow +Fly rElec Int+3}
                  | (You found it on level 1 of the Dungeon)
  1015 | D:2      | Reached XP level 3. HP: 15/29 MP: 3/3
  1369 | D:2      | Reached skill level 2 in Maces & Flails
  2228 | D:3      | Reached XP level 4. HP: 37/37 MP: 4/4
  2340 | D:3      | Found a faded altar of an unknown god.
  2930 | D:4      | Found a glowing drain.
  2946 | Sewer    | Entered a sewer
  3141 | Sewer    | Noticed a big kobold
  3177 | Sewer    | Killed a big kobold
  3177 | Sewer    | Reached XP level 5. HP: 37/45 MP: 5/5
  3177 | Sewer    | Identified a scroll of acquirement
  3178 | Sewer    | Identified the amulet of Zin's Reproof {Regen rPois rN+
                  | Dex+3} (You acquired it in a sewer)
  3240 | Sewer    | Reached skill level 3 in Maces & Flails
  3317 | Sewer    | Reached XP level 6. HP: 46/52 MP: 6/6
  3379 | Sewer    | Reached skill level 4 in Maces & Flails
  3776 | Sewer    | Your scales start taking on a lurid green colour.
  3776 | Sewer    | Reached XP level 7. HP: 55/60 MP: 7/7
  3776 | Sewer    | Gained mutation: Your system is resistant to poisons.
                  | (rPois) [Green Draconian growth]
  3817 | Sewer    | Reached skill level 5 in Maces & Flails
  3926 | D:4      | Noticed Purgy
  3943 | D:5      | Entered Level 5 of the Dungeon
  4030 | D:5      | Noticed a wyvern
  4039 | D:5      | Killed a wyvern
  4039 | D:5      | Reached skill level 5 in Fighting
  4039 | D:5      | Reached skill level 5 in Dodging
  4049 | D:5      | Reached skill level 6 in Maces & Flails
  4083 | D:5      | Reached XP level 8. HP: 59/68 MP: 8/8
  4485 | D:5      | Found a runed translucent door.
  4489 | D:5      | Noticed pheathergobbo575's ghost (novice DsFi)
  4511 | D:5      | Found a shimmering blue altar of Sif Muna.
  4513 | D:5      | Found a glowing golden altar of the Shining One.
  4515 | D:5      | Found a bloodstained altar of Trog.
  4515 | D:5      | Found a glowing silver altar of Zin.
  4516 | D:5      | Found an opulent altar of Gozag.
  4519 | D:5      | Found an ancient bone altar of Kikubaaqudgha.
  4520 | D:5      | Found a shimmering altar of Xom.
  4531 | D:5      | Became a worshipper of Sif Muna the Loreminder
  4757 | D:6      | Reached skill level 7 in Maces & Flails
  4845 | D:6      | Reached skill level 1 in Spellcasting
  4926 | D:6      | Noticed a hippogriff
  4937 | D:6      | Killed a hippogriff
  5127 | D:6      | Reached XP level 9. HP: 74/78 MP: 10/12
  5204 | D:6      | Reached * piety under Sif Muna
  5206 | D:6      | Got a scorched trident
  5213 | D:6      | Identified the cursed +1 trident of Eternal War {drain, MR+
                  | Dex+3 Stlth+} (You found it on level 6 of the Dungeon)
  5256 | D:6      | Reached skill level 8 in Maces & Flails
  5707 | D:4      | Killed Purgy
  5910 | D:4      | Identified Sif Muna's Grimoire of Dislocated Conjuration
                  | (Sif Muna gifted it to you on level 4 of the Dungeon)
  5910 | D:4      | Received a gift from Sif Muna
  5916 | D:4      | Learned a level 3 spell: Conjure Flame
  6403 | D:7      | Found a staircase to the Ecumenical Temple.
  6566 | D:7      | Got a crude trident
  6610 | D:7      | Identified the +5 trident "Goblin's Nightmare" {pierce,
                  | Stlth+} (You found it on level 7 of the Dungeon)
  6687 | D:7      | Noticed Duvessa
  6701 | D:7      | Noticed Dowan
  6705 | D:7      | Killed Duvessa
  6708 | D:7      | Killed Dowan
  6805 | D:7      | Noticed Joseph
  6816 | D:7      | Killed Joseph
  6816 | D:7      | Reached skill level 9 in Maces & Flails
  7113 | D:8      | Found a staircase to the Lair.
  7113 | D:8      | Noticed a death yak
  7207 | D:8      | Found a radiant altar of Vehumet.
  7232 | D:8      | Got a slimy war axe
  7234 | D:8      | Got a pair of encrusted boots
  7256 | D:8      | Identified the +8 war axe of One Wiffaxy {pain, *Slow +Inv
                  | rF++} (You found it on level 8 of the Dungeon)
  7279 | D:8      | Identified the +2 pair of boots of Nihibrag {rElec rPois
                  | MR+ Dex-3} (You found it on level 8 of the Dungeon)
  7312 | D:8      | Noticed a death yak
  7330 | D:8      | Reached skill level 1 in Axes
  7411 | Lair:1   | Entered Level 1 of the Lair of Beasts
  7569 | Lair:1   | Noticed a cane toad
  7579 | Lair:1   | Killed a cane toad
  7580 | Lair:1   | Reached XP level 10. HP: 41/88 MP: 15/15
  8216 | Lair:2   | Reached skill level 1 in Conjurations
  8216 | Lair:2   | Reached skill level 1 in Fire Magic
  8379 | Lair:2   | Noticed a cane toad
  8394 | Lair:2   | HP: 2/88 [poisoned by a cane toad]
  8395 | Lair:2   | Succumbed to a cane toad's poison

Skill      XL: |  1  2  3  4  5  6  7  8  9 10 |
---------------+-------------------------------+-----
Dodging        | 3 4 5 6 7 |  7.2
Fighting       | 2 3 4 5 6 7 |  7.9
Maces & Flails | 2 3 4 6 7 9 |  9.1
Spellcasting   | 2 3 4 |  4.0
Axes           | 2 3 |  3.4
Conjurations   | 1 |  1.2
Fire Magic     | 1 |  1.2
Stealth        | |  3.0

Action                   |  1- 3 |  4- 6 |  7- 9 | 10-12 || total
-------------------------+-------+-------+-------+-------++-------
Melee: Whip              |   257 |   345 |    55 |       ||   657
       Tailslap          |    24 |    28 |    58 |     7 ||   117
       Morningstar       |       |       |   380 |       ||   380
       War axe           |       |       |    32 |    59 ||    91
 Abil: Breathe Noxious F |       |       |    10 |     1 ||    11
  Use: Scroll            |       |    10 |     3 |       ||    13
 Stab: Sleeping          |     1 |       |       |       ||     1
       Confused          |       |       |     6 |       ||     6
  Eat: Chunk             |    10 |    13 |    30 |     4 ||    57
       Ration            |       |       |     1 |       ||     1
Armor: Skin              |    77 |   108 |   130 |    19 ||   334
Dodge: Dodged            |   159 |   210 |   368 |    56 ||   793
